 Dungeon Crawl Stone Soup version 0.18.1-48-g4cf74bf (webtiles) character file.

46 Heedrag the Conjurer (level 3, -9/19 HPs)
             Began as a Deep Elf Conjurer on July 30, 2016.
             Killed by divine providence
             ... invoked by an orc priest
              (14 damage)
             ... on level 3 of the Dungeon.
             The game lasted 00:02:44 (1694 turns).

Heedrag the Conjurer (Deep Elf Conjurer)            Turns: 1694, Time: 00:02:45

Health: -9/19      AC:  3    Str:  6    XL:     3   Next: 44%
Magic:  8/10       EV: 13    Int: 19    God:
Gold:   114        SH:  0    Dex: 15    Spells: 2 memorised, 5 levels left

rFire  + . .     SeeInvis .     j - +1 whip (venom)
rCold  . . .     Gourm    .     a - +0 robe
rNeg   . . .     Faith    .     (no shield)
rPois  .         Spirit   .     (no helmet)
rElec  .         Dismiss  .     (no cloak)
rCorr  .         Reflect  .     (no gloves)
SustAt .         Harm     .     l - +0 pair of boots
MR     .....                    (no amulet)
Stlth  ++........               (no ring)
                                g - ring of protection from fire

@: not resistant to hostile enchantments, unstealthy
A: no striking features
a: no special abilities


You were on level 3 of the Dungeon.
You were not hungry.

You visited 1 branch of the dungeon, and saw 3 of its levels.

You collected 114 gold pieces.

Inventory:

Hand Weapons
 e - a +0 dagger
 j - a +1 whip of venom (weapon)
Armour
 a - a +0 robe (worn)
 l - a +0 pair of boots (worn)
Jewellery
 g - a ring of protection from fire (left hand)
Scrolls
 d - 7 scrolls of identify {unknown}
 n - a scroll of enchant weapon {unknown}
 o - a scroll of magic mapping {unknown}
 p - a scroll of blinking {unknown}
 r - 3 scrolls of recharging {unknown}
Potions
 f - 3 potions of curing {unknown}
 i - a potion of lignification {unknown}
 k - a potion of degeneration {unknown}
 q - a potion of haste {unknown}
 s - a potion of invisibility {unknown}
Books
 b - a book of Conjurations

   Spells                             Type                      Level
   a - Magic Dart                     Conjuration                  1
   b - Searing Ray                    Conjuration                  2
   c - Dazzling Spray                 Conjuration/Hexes            3
   d - Fulminant Prism                Conjuration/Hexes            4
   e - Iskenderun's Mystic Blast      Conjuration                  4
   f - Iskenderun's Battlesphere      Conjuration/Charms           5
Comestibles
 c - 4 bread rations
 h - 2 meat rations


   Skills:
 - Level 2.4 Dodging
 - Level 2.4 Stealth
 + Level 3.7 Spellcasting
 * Level 5.4 Conjurations


You had 5 spell levels left.
You knew the following spells:

 Your Spells              Type           Power        Failure   Level  Hunger
a - Magic Dart            Conj           ###.         1%          1    None
b - Dazzling Spray        Conj/Hex       ##....       14%         3    ###....


Dungeon Overview and Level Annotations

Branches:
Dungeon (3/15)

Altars:
The Shining One


Message History

Tha orc wizard gestures wildly while chantin'.
Tha orc wizard flickers an' vanishes!
Deactivatin' autopickup; reactivate wit' Ctrl-A.
Ye hit tha orc.
Ye kill tha orc!
An orc wizard comes inta view.
It be wieldin' a dagger.
Castin': Magic Dart Confirm wit' . or Enter, or press ? or * ta list all spells.
Aimin': Magic Dart
Press: ? - help, Shift-Dir - straight line, f/p - orc priest
Aim: an orc priest, wieldin' a dagger an' wearin' a leathar armour Tha magic dart hits tha orc priest.
Tha orc priest be lightly wounded.
Tha orc priest closely misses ye.
Tha orc wizard moves outta view.
Ye hit tha orc priest.
Tha orc priest be poison'd.
Tha orc priest be moderately wounded.
Tha orc priest mumbles some strange prayers ta Beogh against ye.
Beogh smites ye!
Ouch! Tha re'lly hurt!
Ye die...

###.###
#.# ##.##
##...####
#.......+
#....####
#.#.##
#.### #@#
#o# #.#
#o#
#...oo...
###......
......
.....
##...


You could see an orc priest and an orc.

Vanquished Creatures
  An adder (D:2)
  A worm (D:3)
  An orc (D:3)
  3 bats
  A giant cockroach (D:2)
  6 goblins
  8 hobgoblins
  A giant newt (D:2)
  6 kobolds
  A rat (D:2)
29 creatures vanquished.

Notes
Turn   | Place    | Note
--------------------------------------------------------------
     0 | D:1      | Heedrag the Deep Elf Conjurer began the quest for the Orb.
     0 | D:1      | Reached XP level 1. HP: 10/10 MP: 6/6
     2 | D:1      | Noticed a centaur
     2 | D:1      | Noticed a halfling
     6 | D:1      | Noticed a vampire
     6 | D:1      | Noticed a merfolk
     8 | D:1      | Noticed a ghoul
     8 | D:1      | Noticed a naga
    10 | D:1      | Noticed a demonspawn
    10 | D:1      | Noticed an ogre
    12 | D:1      | Noticed a draconian
    14 | D:1      | Noticed a gargoyle
    14 | D:1      | Noticed a minotaur
    16 | D:1      | Noticed a formicid
    18 | D:1      | Noticed a dwarf
    18 | D:1      | Noticed an elf
    20 | D:1      | Noticed a vine stalker
    20 | D:1      | Noticed a felid
    22 | D:1      | Noticed a spriggan
    22 | D:1      | Noticed a demigod
    24 | D:1      | Noticed a human
    24 | D:1      | Noticed a troll
    26 | D:1      | Noticed a tengu
    26 | D:1      | Noticed an octopode
    65 | D:1      | Found a glowing golden altar of the Shining One.
   363 | D:1      | Reached XP level 2. HP: 15/15 MP: 4/8
   540 | D:1      | Reached skill level 5 in Conjurations
   922 | D:2      | Reached XP level 3. HP: 19/19 MP: 6/10
   927 | D:2      | Learned a level 3 spell: Dazzling Spray
  1694 | D:3      | Killed from afar by an orc priest

Skill      XL: |  1  2 |
---------------+-------+-----
Conjurations   | 5 |  5.4
Dodging        | |  2.4
Stealth        | |  2.4
Spellcasting   | |  3.7

Action                   || total
-------------------------++-------
Melee: Dagger            ||     5
       Whip              ||     9
 Cast: Magic Dart        ||    61
  Eat: Chunk             ||     2
Armor: Robe              ||     5
Dodge: Dodged            ||    10
